TOP OF THE 1ST |
Toledo Saboteurs batting - Pitching for Virginia Beach Whales : RHP Daryl Benstead
|
Pitching: RHP Daryl Benstead
|
|
Batting: LHB Doug Pollock
|
0-0: Foul Ball, location: 2F 0-1: Swinging Strike 0-2: Fly out, F9 (Flyball, 9, EV 94.4 MPH)
|
Batting: RHB Ron Ficco
|
0-0: Ground out 4-3 (Groundball, 4, EV 105.6 MPH)
|
Batting: LHB Xavier Petit
|
0-0: Ball 1-0: Called Strike 1-1: Ball 2-1: Fly out, F7 (Line Drive, 7, EV 92.5 MPH)
|
Top of the 1st over - 0 runs, 0 hits, 0 errors, 0 left on base; Toledo 0 - Virginia Beach 0 |
BOTTOM OF THE 1ST |
Virginia Beach Whales batting - Pitching for Toledo Saboteurs : RHP Tony Ruvenacht
|
Pitching: RHP Tony Ruvenacht
|
|
Batting: RHB Daniel MacKinder
|
0-0: Fly out, F9 (Flyball, 89M, EV 96.9 MPH)
|
Batting: LHB Walker Ragland
|
0-0: Ground out 6-3 (Groundball, 6, EV 80.0 MPH)
|
Batting: RHB Óscar Cardozo
|
0-0: Ball 1-0: Ball 2-0: Foul Ball, location: 2F 2-1: Swinging Strike 2-2: Foul Ball, location: 2F 2-2: SINGLE (Groundball, 6MS, EV 69.4 MPH) (infield hit)
|
Batting: RHB Todd Walker
|
0-0: Ball 1-0: Ball 2-0: Foul Ball, location: 2F 2-1: SINGLE (Groundball, 4D, EV 98.8 MPH) Óscar Cardozo to second Runner from 2nd tries for 3rd, SAFE, no throw by CF
|
Batting: RHB Paul Pitts
|
0-0: Ball 1-0: Ball 2-0: Ball 3-0: Called Strike 3-1: Base on Balls Todd Walker to second
|
Batting: RHB Juan Oleastro
|
0-0: Ball 1-0: Called Strike 1-1: SINGLE (Line Drive, 4MD, EV 101.9 MPH) Óscar Cardozo scores Todd Walker to third Paul Pitts to second Runner from 3rd tries for Home, SAFE, no throw by CF
|
Batting: RHB Jessie Gibbs
|
0-0: Ball 1-0: Ball 2-0: Ball 3-0: Base on Balls Paul Pitts to third Juan Oleastro to second
|
Batting: RHB Roberto González
|
0-0: Ball 1-0: DOUBLE (Flyball, 8RXD, EV 96.2 MPH) Paul Pitts scores Juan Oleastro scores Jessie Gibbs to third Runner from 3rd tries for Home, SAFE, throw by CF to trailing runner, SAFE at third!
|
Batting: RHB Dan Pike
|
0-0: Called Strike 0-1: Swinging Strike 0-2: Foul Ball, location: 2F 0-2: Ball 1-2: Strikes out swinging
|
Bottom of the 1st over - 5 runs, 4 hits, 0 errors, 1 left on base; Toledo 0 - Virginia Beach 5 |
TOP OF THE 2ND |
Toledo Saboteurs batting - Pitching for Virginia Beach Whales : RHP Daryl Benstead
|
Batting: RHB Niek Bendt
|
0-0: Called Strike 0-1: Swinging Strike 0-2: Ball 1-2: Foul Ball, location: 2F 1-2: Ball 2-2: Strikes out looking
|
Batting: LHB Steve Washington
|
0-0: Ball 1-0: Ball 2-0: Ball 3-0: Called Strike 3-1: SINGLE (Flyball, 7LS, EV 88.8 MPH)
|
Batting: RHB D'Artagnan Rasberry
|
0-0: Ball 1-0: Ball 2-0: Called Strike 2-1: Swinging Strike 2-2: Ball 3-2: Grounds into double play, 5-4-3 (Groundball, 56, EV 81.2 MPH)
|
Top of the 2nd over - 0 runs, 1 hit, 0 errors, 0 left on base; Toledo 0 - Virginia Beach 5 |
BOTTOM OF THE 2ND |
Virginia Beach Whales batting - Pitching for Toledo Saboteurs : RHP Tony Ruvenacht
|
Batting: RHB Daniel MacKinder
|
0-0: Called Strike 0-1: Swinging Strike 0-2: Ball 1-2: Ground out 5-3 (Groundball, 56S, EV 86.2 MPH)
|
Batting: LHB Walker Ragland
|
0-0: Swinging Strike 0-1: Called Strike 0-2: Foul Ball, location: 2F 0-2: Ball 1-2: Ball 2-2: SINGLE (Groundball, 4, EV 106.2 MPH) (infield hit)
|
Batting: RHB Óscar Cardozo
|
0-0: Fielders Choice at 2nd, 1-6 (Groundball, 13, EV 81.2 MPH)
|
Batting: RHB Todd Walker
|
0-0: Called Strike 0-1: Ball 1-1: Foul Ball, location: 2F 1-2: Ball 2-2: Foul Ball, location: 2F 2-2: Fly out, F8 (Flyball, 8RXD, EV 88.1 MPH)
|
Bottom of the 2nd over - 0 runs, 1 hit, 0 errors, 1 left on base; Toledo 0 - Virginia Beach 5 |
TOP OF THE 3RD |
Toledo Saboteurs batting - Pitching for Virginia Beach Whales : RHP Daryl Benstead
|
Batting: RHB Coy MacKey
|
0-0: Called Strike 0-1: Swinging Strike 0-2: Strikes out swinging, 2-3 out at first.
|
Batting: SHB Manuel Ortíz
|
0-0: Ball 1-0: Called Strike 1-1: Ground out 1-3 (Groundball, 13S, EV 68.1 MPH)
|
Batting: SHB Ralph Titus
|
0-0: Ball 1-0: Ball 2-0: Foul Ball, location: 2F 2-1: Called Strike 2-2: Ball 3-2: Ground out 6-3 (Groundball, 6, EV 81.2 MPH)
|
Top of the 3rd over - 0 runs, 0 hits, 0 errors, 0 left on base; Toledo 0 - Virginia Beach 5 |
BOTTOM OF THE 3RD |
Virginia Beach Whales batting - Pitching for Toledo Saboteurs : RHP Tony Ruvenacht
|
Batting: RHB Paul Pitts
|
0-0: Foul Ball, location: 2F 0-1: Foul Ball, location: 2F 0-2: Ball 1-2: Fly out, F8 (Flyball, 8RS, EV 73.1 MPH)
|
Batting: RHB Juan Oleastro
|
0-0: Called Strike 0-1: Ball 1-1: Ground out 5-3 (Groundball, 56, EV 106.9 MPH)
|
Batting: RHB Jessie Gibbs
|
0-0: Called Strike 0-1: Ball 1-1: Ground out 6-3 (Groundball, 6, EV 85.0 MPH)
|
Bottom of the 3rd over - 0 runs, 0 hits, 0 errors, 0 left on base; Toledo 0 - Virginia Beach 5 |
TOP OF THE 4TH |
Toledo Saboteurs batting - Pitching for Virginia Beach Whales : RHP Daryl Benstead
|
Batting: LHB Doug Pollock
|
0-0: Ball 1-0: Ball 2-0: Ground out 5-3 (Groundball, 56, EV 108.8 MPH)
|
Batting: RHB Ron Ficco
|
0-0: Ball 1-0: Foul Ball, location: 2F 1-1: Ball 2-1: Ball 3-1: Fly out, F9 (Flyball, 9D, EV 102.5 MPH)
|
Batting: LHB Xavier Petit
|
0-0: Called Strike 0-1: Ball 1-1: SINGLE (Groundball, 4MD, EV 101.9 MPH)
|
Batting: RHB Niek Bendt
|
0-0: Ball 1-0: Called Strike 1-1: Fielders Choice at 2nd, 6-4 (Groundball, 6, EV 81.9 MPH)
|
Top of the 4th over - 0 runs, 1 hit, 0 errors, 1 left on base; Toledo 0 - Virginia Beach 5 |
BOTTOM OF THE 4TH |
Virginia Beach Whales batting - Pitching for Toledo Saboteurs : RHP Tony Ruvenacht
|
Batting: RHB Roberto González
|
0-0: Ball 1-0: Ball 2-0: Called Strike 2-1: Ball 3-1: Base on Balls
|
Batting: RHB Dan Pike
|
0-0: Called Strike 0-1: Ball 1-1: Grounds into double play, 5-4-3 (Groundball, 56S, EV 79.4 MPH)
|
Batting: RHB Daniel MacKinder
|
0-0: SINGLE (Groundball, 6MD, EV 93.8 MPH)
|
Batting: LHB Walker Ragland
|
0-0: Ball 1-0: Swinging Strike 1-1: Swinging Strike 1-2: Ball 2-2: Foul Ball, location: 2F 2-2: Ball Wild Pitch! Daniel MacKinder to second 3-2: Strikes out looking
|
Bottom of the 4th over - 0 runs, 1 hit, 0 errors, 1 left on base; Toledo 0 - Virginia Beach 5 |
TOP OF THE 5TH |
Toledo Saboteurs batting - Pitching for Virginia Beach Whales : RHP Daryl Benstead
|
Batting: LHB Steve Washington
|
0-0: Ball 1-0: Foul Ball, location: 2F 1-1: Foul Ball, location: 2F 1-2: Strikes out swinging
|
Batting: RHB D'Artagnan Rasberry
|
0-0: Swinging Strike 0-1: Ball 1-1: Ball 2-1: Swinging Strike 2-2: SINGLE (Line Drive, 9S, EV 105.0 MPH)
|
Batting: RHB Coy MacKey
|
0-0: Called Strike 0-1: Ball 1-1: Hit by Pitch D'Artagnan Rasberry to second
|
Batting: SHB Manuel Ortíz
|
0-0: Ball 1-0: Ball 2-0: Swinging Strike 2-1: Foul Ball, location: 2F 2-2: Foul Ball, location: 2F 2-2: Foul Ball, location: 2F 2-2: Fly out, F4 (Popup, 34S, EV 81.2 MPH)
|
Batting: SHB Ralph Titus
|
0-0: DOUBLE (Groundball, 3L, EV 109.4 MPH) D'Artagnan Rasberry scores Coy MacKey to third
|
Batting: LHB Doug Pollock
|
0-0: Ball 1-0: Ball 2-0: Fly out, F9 (Line Drive, 9, EV 93.1 MPH)
|
Top of the 5th over - 1 run, 2 hits, 0 errors, 2 left on base; Toledo 1 - Virginia Beach 5 |
BOTTOM OF THE 5TH |
Virginia Beach Whales batting - Pitching for Toledo Saboteurs : RHP Tony Ruvenacht
|
Batting: RHB Óscar Cardozo
|
0-0: Ball 1-0: Called Strike 1-1: Swinging Strike 1-2: Ball 2-2: Fly out, F8 (Line Drive, 8RM, EV 90.6 MPH)
|
Batting: RHB Todd Walker
|
0-0: Ball 1-0: SINGLE (Groundball, 6MD, EV 95.6 MPH)
|
Batting: RHB Paul Pitts
|
0-0: Foul Ball, location: 2F 0-1: Hit by Pitch Todd Walker to second
|
Batting: RHB Juan Oleastro
|
0-0: Swinging Strike 0-1: Swinging Strike 0-2: Ball 1-2: Ball 2-2: Ball 3-2: Strikes out looking
|
Batting: RHB Jessie Gibbs
|
0-0: Called Strike 0-1: Foul Ball, location: 2F 0-2: Ball 1-2: Ball 2-2: Ball 3-2: Strikes out swinging
|
Bottom of the 5th over - 0 runs, 1 hit, 0 errors, 2 left on base; Toledo 1 - Virginia Beach 5 |
TOP OF THE 6TH |
Toledo Saboteurs batting - Pitching for Virginia Beach Whales : RHP Daryl Benstead
|
Batting: RHB Ron Ficco
|
0-0: Ball 1-0: Foul Ball, location: 2F 1-1: Ball 2-1: Foul Ball, location: 2F 2-2: Ball 3-2: Ground out 5-3 (Groundball, 56, EV 98.1 MPH)
|
Batting: LHB Xavier Petit
|
0-0: Called Strike 0-1: Called Strike 0-2: Ball 1-2: Strikes out swinging
|
Batting: RHB Niek Bendt
|
0-0: Ball 1-0: Called Strike 1-1: Called Strike 1-2: Ball 2-2: Strikes out swinging
|
Top of the 6th over - 0 runs, 0 hits, 0 errors, 0 left on base; Toledo 1 - Virginia Beach 5 |
BOTTOM OF THE 6TH |
Virginia Beach Whales batting - Pitching for Toledo Saboteurs : RHP Tony Ruvenacht
|
Batting: RHB Roberto González
|
0-0: Swinging Strike 0-1: Ball 1-1: Called Strike 1-2: Ground out 5-3 (Groundball, 56, EV 86.9 MPH)
|
Pitching: LHP Carlos Poujol
|
|
Batting: RHB Dan Pike
|
0-0: Foul Ball, location: 2F 0-1: Foul Ball, location: 2F 0-2: Ball 1-2: Foul Ball, location: 2F 1-2: Strikes out swinging
|
Batting: RHB Daniel MacKinder
|
0-0: Ball 1-0: Ball 2-0: Called Strike 2-1: SINGLE (Groundball, 56, EV 89.4 MPH) (infield hit)
|
Batting: LHB Walker Ragland
|
0-0: Called Strike 0-1: Ball 1-1: Ball 2-1: Called Strike 2-2: Ball 3-2: Strikes out swinging
|
Bottom of the 6th over - 0 runs, 1 hit, 0 errors, 1 left on base; Toledo 1 - Virginia Beach 5 |
TOP OF THE 7TH |
Toledo Saboteurs batting - Pitching for Virginia Beach Whales : RHP Daryl Benstead
|
Pitching: LHP Calvin Blackburn
|
|
Batting: LHB Steve Washington
|
0-0: Foul Ball, location: 2F 0-1: Ball 1-1: Ball 2-1: Ball 3-1: Swinging Strike 3-2: Strikes out looking
|
Batting: RHB D'Artagnan Rasberry
|
0-0: Ball 1-0: Foul Ball, location: 2F 1-1: Foul Ball, location: 2F 1-2: Strikes out swinging
|
Batting: RHB Coy MacKey
|
0-0: SOLO HOME RUN (Flyball, 7D, EV 95.0 MPH), Distance : 404 ft
|
Batting: SHB Manuel Ortíz
|
0-0: Ball 1-0: SINGLE (Line Drive, 6MD, EV 107.5 MPH)
|
Batting: SHB Ralph Titus
|
0-0: DOUBLE (Flyball, 78D, EV 105.6 MPH) Manuel Ortíz to third Runner from 3rd tries for Home, SAFE, throw by CF to home
|
Batting: LHB Doug Pollock
|
0-0: Foul Ball, location: 2F 0-1: Foul Ball, location: 2F 0-2: Strikes out looking
|
Top of the 7th over - 2 runs, 3 hits, 0 errors, 1 left on base; Toledo 3 - Virginia Beach 5 |
BOTTOM OF THE 7TH |
Virginia Beach Whales batting - Pitching for Toledo Saboteurs : LHP Carlos Poujol
|
Batting: RHB Óscar Cardozo
|
0-0: Ball 1-0: Called Strike 1-1: Foul Ball, location: 2F 1-2: Strikes out swinging
|
Batting: RHB Todd Walker
|
0-0: Swinging Strike 0-1: Called Strike 0-2: Strikes out swinging
|
Batting: RHB Paul Pitts
|
0-0: Ball 1-0: Foul Ball, location: 2F 1-1: Foul Ball, location: 2F 1-2: Foul Ball, location: 2F 1-2: Ball 2-2: Ball 3-2: Foul Ball, location: 2F 3-2: Base on Balls
|
Pitching: RHP Tetsuzan Miyata
|
|
Batting: RHB Juan Oleastro
|
0-0: Swinging Strike 0-1: Ball 1-1: Ball 2-1: Fly out, F9 (Flyball, 9S, EV 83.8 MPH)
|
Bottom of the 7th over - 0 runs, 0 hits, 0 errors, 1 left on base; Toledo 3 - Virginia Beach 5 |
TOP OF THE 8TH |
Toledo Saboteurs batting - Pitching for Virginia Beach Whales : LHP Calvin Blackburn
|
Batting: RHB Ron Ficco
|
0-0: Ball 1-0: Swinging Strike 1-1: Swinging Strike 1-2: Foul Ball, location: 2F 1-2: Strikes out looking
|
Batting: LHB Xavier Petit
|
0-0: Swinging Strike 0-1: Foul Ball, location: 2F 0-2: Ball 1-2: Strikes out swinging
|
Batting: RHB Niek Bendt
|
0-0: Swinging Strike 0-1: Swinging Strike 0-2: Ball 1-2: Strikes out swinging
|
Top of the 8th over - 0 runs, 0 hits, 0 errors, 0 left on base; Toledo 3 - Virginia Beach 5 |
BOTTOM OF THE 8TH |
Virginia Beach Whales batting - Pitching for Toledo Saboteurs : RHP Tetsuzan Miyata
|
Batting: RHB Jessie Gibbs
|
0-0: Called Strike 0-1: Ball 1-1: Ball 2-1: DOUBLE (Flyball, 89XD, EV 112.5 MPH)
|
Batting: RHB Roberto González
|
0-0: Ground out 6-3 (Groundball, 6, EV 95.0 MPH)
|
Batting: RHB Dan Pike
|
0-0: Ball 1-0: Swinging Strike 1-1: Ball 2-1: Swinging Strike 2-2: Ball 3-2: Base on Balls
|
Batting: RHB Daniel MacKinder
|
0-0: Ball 1-0: Grounds into double play, 6-4-3 (Groundball, 6, EV 95.0 MPH)
|
Bottom of the 8th over - 0 runs, 1 hit, 0 errors, 1 left on base; Toledo 3 - Virginia Beach 5 |
TOP OF THE 9TH |
Toledo Saboteurs batting - Pitching for Virginia Beach Whales : LHP Calvin Blackburn
|
Pitching: RHP António Arrojo
|
|
Batting: LHB Steve Washington
|
0-0: Ball 1-0: Ball 2-0: Ball 3-0: Base on Balls
|
Batting: RHB D'Artagnan Rasberry
|
0-0: Grounds into double play, 5-4-3 (Groundball, 5L, EV 85.6 MPH)
|
Batting: RHB Coy MacKey
|
0-0: Foul Ball, location: 2F 0-1: Swinging Strike 0-2: Ball 1-2: Strikes out looking
|
Top of the 9th over - 0 runs, 0 hits, 0 errors, 0 left on base; Toledo 3 - Virginia Beach 5 |
|